 Dungeon Crawl Stone Soup version 0.31-a0-675-g238779eb0a (webtiles) character file.

Game seed: 1707953649457793842

55 Strat the Poker (level 3, -3/29 HPs)
             Began as a Barachi Monk on Sept 5, 2023.
             Was a Believer of Makhleb.
             Slain by an orc
             ... wielding a +2 flail of protection
              (8 damage)
             ... on level 3 of the Dungeon.
             The game lasted 00:03:56 (2594 turns).

Strat the Poker (Barachi Monk)                      Turns: 2594, Time: 00:03:57

Health: -3/29      AC:  2    Str: 14    XL:     3   Next: 93%
Magic:  3/3        EV: 13    Int: 10    God:    Makhleb [**....]
Gold:   200        SH:  0    Dex: 14    Spells: 0/2 levels left

rFire   . . .        a - +0 spear
rCold   + . .        d - orb {light}
rNeg    . . .        b - +0 robe
rPois   .            (no helmet)
rElec   .            (no cloak)
rCorr   .            (no gloves)
SInv    .            (no boots)
Will    .....        g - amulet of the acrobat
Stlth   +            h - ring of protection from cold
HPRegen 0.24/turn    (no ring)
MPRegen 0.08/turn

%: acrobat
@: glowing, slow
A: amphibious, slowness 1, strong legs 1, +LOS
a: Hop, Renounce Religion, Minor Destruction


You were on level 3 of the Dungeon.
You worshipped Makhleb.
Makhleb was pleased with you.
You visited 1 branch of the dungeon, and saw 3 of its levels.

You collected 200 gold pieces.

Inventory:

Hand Weapons
 a - a +0 spear (weapon)
Armour
 b - a +0 robe (worn)
 d - an orb of light (worn)
Jewellery
 g - an amulet of the acrobat (around neck)
 h - a ring of protection from cold (left hand)
Talismans
 i - a storm talisman
 q - a serpent talisman
Wands
 m - a wand of flame (7)
 n - a wand of digging (4)
Scrolls
 e - 3 scrolls of identify {unknown}
 j - 4 scrolls of teleportation {unknown}
 k - a scroll of torment {unknown}
 l - a scroll of immolation {unknown}
 o - a scroll of fear {unknown}
 p - a scroll of fog {unknown}
Potions
 c - a potion of ambrosia
 f - a potion of might {unknown}
 r - a potion of cancellation


   Skills:
 - Level 3.6 Fighting
 + Level 4.7 Polearms
 - Level 3.2 Dodging


You couldn't memorise any spells.
You knew the following spells:

 Your Spells              Type           Power      Damage    Failure   Level
a - Blink                 Tloc           0%         N/A       50%         2

Your spell library contained the following spells:

 Spells                   Type           Power      Damage    Failure   Level
 Sandblast                Erth           0%         2d4       36%         1
 Lesser Beckoning         Tloc           0%         N/A       50%         2
 Momentum Strike          Conj/Tloc      0%         3d8       50%         2
 Passwall                 Tmut/Erth      0%         N/A       50%         2
 Call Canine Familiar     Summ           0%         N/A       75%         3
 Hailstorm                Conj/Ice       0%         3d3       75%         3
 Portal Projectile        Hex/Tloc       0%         N/A       75%         3
 Stone Arrow              Conj/Erth      0%         3d7       75%         3
 Leda's Liquefaction      Hex/Erth       0%         N/A       98%         4
 Manifold Assault         Tloc           0%         N/A       98%         4
 Summon Ice Beast         Ice/Summ       0%         N/A       98%         4
 Simulacrum               Ice/Necr       0%         N/A       100%        6


Dungeon Overview and Level Annotations

Branches:
Dungeon (3/15)

Altars:
Elyvilon
Makhleb
Yredelemnul
Zin

Shops:
D:3 [


Innate Abilities, Weirdness & Mutations

You are amphibious.
You cover ground slowly.
You can hop short distances.
You have an extended range of vision and can be seen from far away.


Message History

The orc attacks as it pursues you!
The orc hits you from afar with a +0 trident!
* * * LOW HITPOINT WARNING * * *
The orc attacks as it pursues you! The orc completely misses you.
The orc completely misses you.
Okay, then.
It was a potion of cancellation.
You feel magically purged. The orc completely misses you. The orc misses you.
You hit the orc.
You kill the orc!
Makhleb accepts your kill. The orc completely misses you. The orc misses you.
Things that are here:
a +0 trident; 13 gold pieces; an orc corpse You hit the orc.
The orc is heavily wounded.
The orc hits you with a +2 flail of protection.
* * * LOW HITPOINT WARNING * * *
You hit the orc but do no damage.
The orc is heavily wounded.
You completely miss the orc.
The orc is heavily wounded.
The orc closely misses you.
You hit the orc but do no damage.
The orc is heavily wounded.
The orc hits you with a +2 flail of protection.
* * * LOW HITPOINT WARNING * * *
You barely miss the orc.
The orc is heavily wounded.
The orc hits you with a +2 flail of protection.
* * * LOW HITPOINT WARNING * * *
You hit the orc but do no damage.
The orc is heavily wounded.
The orc hits you with a +2 flail of protection.
* * * LOW HITPOINT WARNING * * *
You barely miss the orc.
The orc is heavily wounded.
The orc hits you with a +2 flail of protection!
You die...

### #.. ..# #.#
#.# #.# #.# ####.#
#.# ...... #.#
####.# #@# # #.#
#o# ####.#########
#.# ..............
#.#
#####)##########.#
.............o...#
...##.############
##' #.# ..#


You could see an orc.

Vanquished Creatures
  2 worms (D:2)
  A dart slug (D:1)
  2 orcs (D:3)
  6 bats
  2 endoplasms (D:1)
  5 giant cockroaches
  3 goblins (D:1)
  2 hobgoblins
  3 jackals (D:1)
  A quokka (D:1)
  7 ball pythons
  2 frilled lizards
  4 kobolds
  2 rats (D:3)
42 creatures vanquished.

Notes
Turn   | Place    | Note
-------+----------+-------------------------------------------
     0 | D:1      | Strat the Barachi Monk began the quest for the Orb.
     0 | D:1      | Reached XP level 1. HP: 18/18 MP: 1/1
   245 | D:1      | Reached XP level 2. HP: 24/24 MP: 2/2
   566 | D:1      | Reached skill level 4 in Polearms
   575 | D:1      | Found a faded altar of an unknown god.
   593 | D:1      | Reached XP level 3. HP: 24/29 MP: 3/3
  1473 | D:2      | Found a burning altar of Makhleb.
  1479 | D:2      | Became a worshipper of Makhleb the Destroyer
  1479 | D:2      | Reached * piety under Makhleb
  1479 | D:2      | Reached ** piety under Makhleb
  2069 | D:3      | Found a glowing silver altar of Zin.
  2126 | D:3      | Found a basalt altar of Yredelemnul.
  2210 | D:3      | Found Gomuuth's Antique Armour Shoppe.
  2482 | D:3      | Found a white marble altar of Elyvilon.
  2539 | D:3      | Learned a level 2 spell: Blink
  2594 | D:3      | Slain by an orc

Illustrated notes

Levels and vault maps discovered:
D:1:      erik_arrival_blinker_ship, layout_loops_corners,
          chequers_ecumenical_altar_simple, kennysheep_minor_cross
D:2:      layout_loops_ring, basic_altar, minivault_5
D:3:      layout_basic, marbit_many_paths, zin_scriptorium,
          mainiacjoe_overflow_24_doors, serial_shops, nicolae_diamond_shop

Skill      XL: |  1  2 |
---------------+-------+-----
Polearms       | 4 |  4.7
Fighting       | |  3.6
Dodging        | |  3.2

Action                     || total
---------------------------++-------
  Melee: Spear             ||   143
    Use: Potion            ||     1
 Armour: Robe              ||    52
  Dodge: Dodged            ||    79

Table legend: (Time is in decaauts)
 A = Elapsed time spent in this place.
 B = Non-inter-level travel time spent in this place.
 C = Inter-level travel time spent in this place.
 D = Time resting spent in this place.
 E = Time spent auto-exploring this place.
 F = Levels seen in this place.
 G = Mean time per level.
                   A        B        C        D        E       F      G
               +--------+--------+--------+--------+--------+-----+--------+
         Total |   2989 |   2853 |    136 |      0 |   2449 |   3 |  996.3 |
       Dungeon |   2989 |   2853 |    136 |      0 |   2449 |   3 |  996.3 |
               +--------+--------+--------+--------+--------+-----+--------+

Top non-repeatable levels by time:
     D:1: 1263 daAuts
     D:2: 941 daAuts
     D:3: 784 daAuts
